 Dungeon Crawl Stone Soup version 0.30-a0-591-g3c58d2bc28 (webtiles) character file.

Game seed: 4860854999568110626

371 Leeroy the Changer (level 6, -6/43 HPs)
             Began as a Merfolk Transmuter on Jan 4, 2023.
             Mangled by Grinder (7 damage)
             ... on level 4 of the Dungeon.
             The game lasted 00:07:16 (3675 turns).

Leeroy the Changer (Merfolk Transmuter)             Turns: 3675, Time: 00:07:16

Health: -6/43      AC:  2    Str: 10    XL:     6   Next: 71%
Magic:  7/9        EV: 17    Int: 15    God:
Gold:   273        SH:  0    Dex: 19    Spells: 1/9 levels left

rFire   . . .      SeeInvis .      - Unarmed
rCold   . . .      Faith    .    (shield currently unavailable)
rNeg    . . .      Spirit   .    (body armour currently unavailable)
rPois   x          Reflect  .    (helmet currently unavailable)
rElec   .          Harm     .    (cloak currently unavailable)
rCorr   .          Rampage  .    (gloves currently unavailable)
Will    .....                    (boots currently unavailable)
Stlth   ++                       (no amulet)
HPRegen 0.27/turn                (no ring)
MPRegen 0.11/turn                (no ring)

@: brilliant, spider-form, grasped by roots, constricted
A: venomous fangs, tiny, (nimble swimmer 2), (mertail)
a: End Transformation


You were on level 4 of the Dungeon.
You were a venomous arachnid creature.
You visited 1 branch of the dungeon, and saw 4 of its levels.

You collected 273 gold pieces.

Inventory:

Hand Weapons
 n - a +0 hand axe of flaming
Missiles
 q - 9 poisoned darts
Armour
 a - a +0 robe (melded)
 g - a +0 pair of boots (melded)
 s - a +4 ring mail
Jewellery
 r - an amulet of the acrobat
Scrolls
 e - 9 scrolls of identify
 f - a scroll of magic mapping {unknown}
 k - a scroll of immolation {unknown}
 t - a scroll of noise {unknown}
Potions
 b - 2 potions of lignification
 d - a potion of heal wounds {unknown}
 h - a potion of invisibility
 i - a potion of degeneration {unknown}
 j - a potion of brilliance
 l - a potion of cancellation {unknown}
 m - 2 potions of berserk rage {unknown}
 o - a potion of resistance {unknown}
 p - a potion of mutation {unknown}


   Skills:
 - Level 1.1 Fighting
 - Level 2.6 Dodging
 - Level 5.8 Unarmed Combat
 - Level 2.0 Spellcasting
 * Level 7.0 Transmutations


You had one spell level left.
You knew the following spells:

 Your Spells              Type           Power      Damage    Failure   Level
a - Beastly Appendage     Tmut           68%        N/A       6%          1
b - Spider Form           Tmut/Pois      18%        N/A       34%         3
c - Ice Form              Ice/Tmut       18%        N/A       67%         4

Your spell library contained the following spells:

 Spells                   Type           Power      Damage    Failure   Level
 Necrotise                Necr           8%         1d4       43%         1
 Wereblood                Tmut           34%        N/A       8%          2
 Scorch                   Fire           4%         2d5       54%         2
 Ozocubu's Armour         Ice            2%         N/A       75%         3
 Vampiric Draining        Necr           2%         2d6       75%         3
 Animate Armour           Summ/Erth      4%         N/A       98%         4
 Flame Wave               Conj/Fire      2%         2d4       98%         4
 Agony                    Necr           2%         N/A       100%        5
 Borgnjor's Vile Clutch   Necr/Erth      1%         N/A       100%        5
 Statue Form              Tmut/Erth      12%        N/A       100%        6
 Summon Cactus Giant      Summ           1%         N/A       100%        6
 Ozocubu's Refrigeration  Ice            1%         4d7       100%        7


Dungeon Overview and Level Annotations

Branches:
Dungeon (4/15)
 Temple: D:4-7

Altars:
Okawaru

Shops:
D:2 [

Annotations:
D:3 Pikel
D:4 Grinder


Innate Abilities, Weirdness & Mutations

You are a venomous arachnid creature.
You have poisonous fangs.
You are tiny and dextrous.
Your spellcasting is less reliable in this form.
Your armour is entirely melded.
You are incapable of wielding weapons or throwing items.
((You are very nimble when in or above water. (Stealth+, EV+, Speed+++)))
((Your lower body shifts to a powerful aquatic tail in water.))


Message History

Casting: Spider Form (dangerous; 16% risk of failure)
Confirm with . or Enter, or press ? or * to list all spells.
You turn into a venomous arachnid creature.
Your +0 pair of boots melds into your body.
Your +0 robe melds into your body.
Grinder says, "You look like you could use a good racking."
Grinder gestures at you. Pain shoots through your body!
Grinder gestures at you. You resist with significant effort.
Grinder gestures at you. You resist with significant effort.
You hit Grinder.
Grinder is poisoned.
Grinder is lightly wounded.
Grinder gestures at you. Pain shoots through your body!
You hit Grinder.
Grinder is lightly wounded.
Grinder zaps a wand.
The roots erupt in riotous growth!
The grasping roots grab you!
Grinder is unaffected.
The now-empty wand crumbles to dust.
The grasping roots constrict you!
You hit Grinder.
Grinder is moderately wounded.
Grinder misses you. The grasping roots constrict you!
You hit Grinder.
Grinder looks as sick as possible!
Grinder is moderately wounded.
Grinder barely misses you. The grasping roots constrict you.
You hit Grinder.
Grinder is heavily wounded.
Grinder hits you!
* * * LOW HITPOINT WARNING * * *
You writhe in agony.
* * * LOW HITPOINT WARNING * * *
The grasping roots constrict you.
* * * LOW HITPOINT WARNING * * *
It was a potion of brilliance.
You feel clever all of a sudden. Grinder hits you!
You die...

.#####...............~~~~........
## ##.....#........~≈≈~.~~~~~..
##....###......~≈≈≈.~≈≈≈~..
#.....##.......~≈≈~.~≈≈≈~..
#..............~~~~.~~≈~~..
#....(......<.......
###..................#
#####.............########
#.......##......s.#
...##...######..5.#
######..#####.....# #
#...##.......# ##..#.......##
#......###.## #....### #..# #
##..## ##..# #######..## #..## ..
....


You could see Grinder (extremely poisoned).

Vanquished Creatures
  An ogre (D:4)
  A lemure (D:4)
  A scorpion (D:4)
  A necrophage (D:4)
  A jelly (D:4)
  A hound (D:4)
  5 adders
  A worm (D:2)
  2 dart slugs
  3 ball pythons
  6 endoplasms
  2 giant cockroaches
  9 goblins
  7 hobgoblins
  2 quokkas
  A bat (D:2)
  2 frilled lizards
  8 kobolds
  4 rats
58 creatures vanquished.

Notes
Turn   | Place    | Note
-------+----------+-------------------------------------------
     0 | D:1      | Leeroy the Merfolk Transmuter began the quest for the Orb.
     0 | D:1      | Reached XP level 1. HP: 15/15 MP: 3/3
    44 | D:1      | Reached XP level 2. HP: 17/21 MP: 5/5
   679 | D:2      | Found an iron altar of Okawaru.
   715 | D:2      | Got Doepnuba's Quarto of the Solid Summer
   779 | D:2      | Reached XP level 3. HP: 26/26 MP: 6/6
   812 | D:2      | Learned a level 3 spell: Spider Form
   917 | D:2      | Reached skill level 5 in Unarmed Combat
  1158 | D:2      | Found Luogg's Armour Shoppe.
  1270 | D:2      | Reached XP level 4. HP: 29/32 MP: 7/7
  1481 | D:3      | Found a faded altar of an unknown god.
  1871 | D:4      | Noticed a lemure
  1872 | D:4      | Noticed a lemure
  1872 | D:4      | Noticed a lemure
  1987 | D:4      | Noticed Grinder
  2090 | D:4      | Reached skill level 3 in Transmutations
  2423 | D:4      | Noticed an ogre
  2431 | D:4      | Reached XP level 5. HP: 37/37 MP: 4/8
  2439 | D:4      | Killed an ogre
  2440 | D:4      | Reached skill level 5 in Transmutations
  2563 | D:4      | Reached skill level 6 in Transmutations
  2563 | D:4      | Reached XP level 6. HP: 30/43 MP: 7/9
  2732 | D:4      | Noticed Pikel
  3535 | D:4      | Learned a level 4 spell: Ice Form
  3572 | D:4      | Reached skill level 7 in Transmutations
  3674 | D:4      | HP: 1/43 [constriction (3)]
  3675 | D:4      | Mangled by Grinder

Illustrated notes

Levels and vault maps discovered:
D:1:      dpeg_arrival_tiny_g, layout_basic, minivault_19, supply_closet_lemuel
D:2:      layout_basic, basic_altar, serial_shops, nicolae_square_shop
D:3:      layout_basic, hellmonk_ecumenical_altar_arch_garden
D:4:      layout_layer_cave, minmay_temple_entry_fiery, minivault_14,
          minmay_bent, uniq_pikel, uniq_grinder

Skill      XL: |  1  2  3  4  5  6 |
---------------+-------------------+-----
Unarmed Combat | 4 5 |  5.8
Transmutations | 3 6 7 |  7.0
Fighting       | |  1.1
Dodging        | |  2.6
Spellcasting   | |  2.0

Action                   |  1- 3 |  4- 6 || total
-------------------------+-------+-------++-------
Melee: Unarmed           |    99 |    94 ||   193
       Punch             |     4 |       ||     4
       Headbutt          |     1 |     4 ||     5
 Cast: Beastly Appendage |     2 |     3 ||     5
       Spider Form       |       |     8 ||     8
  Use: Scroll            |       |     4 ||     4
       Potion            |       |     2 ||     2
 Stab: Sleeping          |     2 |     3 ||     5
Armor: Robe              |    11 |    14 ||    25
       Skin              |       |     2 ||     2
Dodge: Dodged            |    51 |    47 ||    98

Table legend: (Time is in decaauts)
 A = Elapsed time spent in this place.
 B = Non-inter-level travel time spent in this place.
 C = Inter-level travel time spent in this place.
 D = Time resting spent in this place.
 E = Time spent auto-exploring this place.
 F = Levels seen in this place.
 G = Mean time per level.
                   A        B        C        D        E       F      G
               +--------+--------+--------+--------+--------+-----+--------+
         Total |   3658 |   3511 |    147 |    719 |   2157 |   4 |  914.5 |
       Dungeon |   3658 |   3511 |    147 |    719 |   2157 |   4 |  914.5 |
               +--------+--------+--------+--------+--------+-----+--------+

Top non-repeatable levels by time:
     D:4: 1242 daAuts
     D:3: 998 daAuts
     D:2: 751 daAuts
     D:1: 666 daAuts
